 Dungeon Crawl Stone Soup version 0.21.0-26-g889b8f6872 (webtiles) character file.

1281 Peloso the Shield-Bearer (level 8, -5/54 HPs)
             Began as a Halfling Fighter on Jan 27, 2018.
             Slain by an orc warrior
             ... wielding a +0 trident
              (20 damage)
             ... on level 6 of the Dungeon.
             The game lasted 00:12:58 (5108 turns).

Peloso the Shield-Bearer (Halfling Fighter)         Turns: 5108, Time: 00:12:59

Health: -5/54      AC: 12    Str: 24    XL:     8   Next: 84%
Magic:  26/26      EV:  7    Int:  6    God:
Gold:   219        SH: 12    Dex: 14    Spells: 7/7 levels left

rFire    . . .     SeeInvis .   a - +0 long sword
rCold    . . .     Gourm    .   c - +0 shield
rNeg     . . .     Faith    .   b - +0 plate armour
rPois    .         Spirit   .   (no helmet)
rElec    .         Reflect  .   (no cloak)
rCorr    .         Harm     +   (no gloves)
MR       .....                  (no boots)
Stlth    ..........             n - amulet of harm
HPRegen  0.18/turn              o - ring of magical power
MPRegen  0.20/turn              q - ring of magical power

@: mighty
A: small, mutation resistance 1
a: no special abilities


You were on level 6 of the Dungeon.
You were hungry.

You visited 1 branch of the dungeon, and saw 6 of its levels.

You collected 219 gold pieces.

Inventory:

Hand Weapons
 a - a +0 long sword (weapon)
 u - a +0 hand axe of flaming
Missiles
 A - 42 bolts
 C - 19 poisoned needles
Armour
 b - a +0 plate armour (worn)
 c - a +0 shield (worn)
Jewellery
 n - an amulet of harm (around neck)
 o - a ring of magical power (left hand)
 q - a ring of magical power (right hand)
 v - a cursed ring of teleportation {unknown}
 y - an uncursed ring of resist corrosion {unknown}
Wands
 t - a wand of polymorph (36)
 B - a wand of flame (14)
 D - a wand of disintegration (16)
Scrolls
 e - 2 scrolls of blinking {unknown}
 g - 2 scrolls of immolation {unknown}
 i - 4 scrolls of teleportation {unknown}
 j - 2 scrolls of enchant armour {unknown}
 l - 3 scrolls of remove curse {unknown}
 m - 11 scrolls of identify {unknown}
 r - 2 scrolls of fog {unknown}
 s - 2 scrolls of fear {unknown}
 x - 2 scrolls of random uselessness {unknown}
Potions
 h - 2 potions of heal wounds
 k - 2 potions of curing {unknown}
 p - a potion of flight {unknown}
 w - a potion of mutation {unknown}
 z - a potion of agility {unknown}
Comestibles
 f - 9 rations


   Skills:
 + Level 4.1 Fighting
 + Level 6.3 Long Blades
 + Level 5.5 Armour
 + Level 1.2 Dodging
 + Level 7.1 Shields


You had 7 spell levels left.
You didn't know any spells.

Dungeon Overview and Level Annotations

Branches:
Dungeon (6/15)
 Temple: D:4-7

Altars:
Dithmenos
Wu Jian


Innate Abilities, Weirdness & Mutations

You are small and have problems with some larger weapons.
You are somewhat resistant to further mutation.


Message History

The orc warrior is lightly wounded.
The orc warrior hits you with a trident.
* * * LOW HITPOINT WARNING * * *
It was a potion of heal wounds.
You feel much better.
The orc warrior hits you with a trident!
You feel very mighty all of a sudden.
The orc warrior hits you with a trident!
* * * LOW HITPOINT WARNING * * *
You closely miss the orc warrior.
The orc warrior is lightly wounded.
You block the orc warrior's attack.
You closely miss the orc warrior.
The orc warrior is lightly wounded.
You block the orc warrior's attack.
The orc wizard mumbles some strange words.
The orc wizard seems to speed up.
You slash the orc warrior!
The orc warrior is heavily wounded.
The orc warrior hits you with a trident!
You die...

# +. #.. .... .# ###
#.... #.##.....
#....o###### #.#......
.....oo@...## #.#......
#.....####..###.#......
#.... ##.##.........
#### #..#.........
##...........
#.##........
#.##........
#.##.###....
#####..(........


You could see an orc warrior, an orc wizard and an orc.

Vanquished Creatures
  An orc warrior (D:4)
  2 phantoms
  A sky beast (D:5)
  A centaur (D:5)
  An ogre (D:4)
  2 bullfrogs (D:6)
  A scorpion (D:4)
  A howler monkey (D:4)
  2 bullfrog skeletons (D:5)
  2 crimson imps (D:5)
  An orc priest (D:5)
  3 hounds
  An iguana (D:5)
  3 worker ants
  A hound skeleton (D:4)
  A howler monkey zombie (D:5)
  A worker ant zombie (D:5)
  5 gnolls
  4 adders
  A shadow imp (D:5)
  An ooze (D:2)
  A worm (D:3)
  5 dart slugs
  A leopard gecko (D:1)
  10 orcs
  5 giant cockroaches
  5 goblins
  5 hobgoblins
  3 jackals (D:3)
  2 quokkas (D:3)
  4 ball pythons
  6 bats
  10 frilled lizards
  4 kobolds
  A leopard gecko skeleton (D:5)
  A quokka skeleton (D:4)
  6 rats
105 creatures vanquished.

Vanquished Creatures (others)
  A quokka (D:2)
1 creature vanquished.

Grand Total: 106 creatures vanquished

Notes
Turn   | Place    | Note
-------+----------+-------------------------------------------
     0 | D:1      | Peloso the Halfling Fighter began the quest for the Orb.
     0 | D:1      | Reached XP level 1. HP: 15/15 MP: 1/1
   236 | D:1      | Reached XP level 2. HP: 20/20 MP: 2/2
   746 | D:2      | Reached XP level 3. HP: 25/25 MP: 3/3
   819 | D:2      | Reached skill level 4 in Shields
   819 | D:2      | Reached XP level 4. HP: 26/31 MP: 4/4
  1219 | D:3      | Reached XP level 5. HP: 35/36 MP: 5/5
  1364 | D:3      | Found an ornate altar of the Wu Jian Council.
  1918 | D:4      | Reached XP level 6. HP: 42/42 MP: 6/6
  1987 | D:4      | Noticed a phantom
  2006 | D:4      | Killed a phantom
  2180 | D:4      | Reached skill level 5 in Shields
  2180 | D:4      | Reached XP level 7. HP: 46/46 MP: 7/7
  2940 | D:5      | Entered Level 5 of the Dungeon
  2954 | D:5      | Reached skill level 5 in Long Blades
  3412 | D:5      | Reached skill level 5 in Armour
  3412 | D:5      | Reached skill level 1 in Dodging
  3412 | D:5      | Reached skill level 6 in Shields
  3412 | D:5      | Reached XP level 8. HP: 22/54 MP: 8/8
  3644 | D:5      | HP: 1/54 [gnoll/whip (2)]
  4875 | D:6      | Found a shadowy altar of Dithmenos.
  5073 | D:6      | Reached skill level 7 in Shields
  5108 | D:6      | Slain by an orc warrior

Skill      XL: |  1  2  3  4  5  6  7  8 |
---------------+-------------------------+-----
Fighting       | 3 4 |  4.1
Shields        | 4 5 6 7 |  7.1
Long Blades    | 3 4 5 6 |  6.3
Armour         | 4 5 |  5.5
Dodging        | 1 |  1.2

Action                   |  1- 3 |  4- 6 |  7- 9 || total
-------------------------+-------+-------+-------++-------
Melee: Long sword        |   107 |   146 |   209 ||   462
  Use: Potion            |       |       |     3 ||     3
  Eat: Chunk             |       |     4 |     6 ||    10
       Ration            |       |       |     1 ||     1
Armor: Plate armour      |    75 |    68 |    99 ||   242
       Scale mail        |     5 |       |       ||     5
Dodge: Dodged            |    24 |    30 |    47 ||   101
Block: Shield            |    75 |    69 |   136 ||   280
       Rpst.: Long sword |     8 |    11 |    10 ||    29
